 Dungeon Crawl Stone Soup version 0.25-a0-424-g80bd347ae0 (webtiles) character file.

Game seed: 923706146675455838, levelgen mode: deterministic

665 Epan the Digger (level 7, 0/54 HPs)
             Began as a Gargoyle Earth Elementalist on Jan 23, 2020.
             Slain by Ijyb
             ... wielding a +0 club
              (3 damage)
             ... on level 4 of the Dungeon.
             The game lasted 00:14:28 (3766 turns).

Epan the Digger (Gargoyle Earth Elementalist)       Turns: 3766, Time: 00:14:29

Health: 0/54       AC:  7    Str: 16    XL:     7   Next: 57%
Magic:  8/14       EV: 12    Int: 18    God:
Gold:   150        SH:  0    Dex: 10    Spells: 6/15 levels left

rFire    + . .     SeeInvis .   o - +2 flail (drain)
rCold    + . .     Gourm    .   (no shield)
rNeg     + . .     Faith    .   c - +0 robe
rPois    ∞         Spirit   .   (no helmet)
rElec    +         Reflect  .   t - +0 cloak
rCorr    +         Harm     .   (no gloves)
MR       .....                  (no boots)
Stlth    ..........             u - amulet of magic regeneration
HPRegen  0.18/turn              l - ring of resist corrosion
MPRegen  0.39/turn              (no ring)

@: confused, berserking, resistant, very quick
A: negative energy resistance 1, electricity resistance, unbreathing,
petrification resistance, rot immunity, AC +4
a: no special abilities


You were on level 4 of the Dungeon.
You were very hungry.

You visited 1 branch of the dungeon, and saw 4 of its levels.

You collected 150 gold pieces.

Inventory:

Hand Weapons
 h - a +0 short sword
 o - a +2 flail of draining (weapon)
 v - a +0 flail
Missiles
 b - 39 stones (quivered)
Armour
 c - a +0 robe (worn)
 t - a +0 cloak (worn)
Jewellery
 j - an uncursed ring of fire
 l - a ring of resist corrosion (left hand)
 u - an amulet of magic regeneration (around neck)
Wands
 k - a wand of random effects (15)
Scrolls
 a - 2 scrolls of identify
 i - a scroll of teleportation
 p - 2 scrolls of remove curse
 s - a scroll of magic mapping
Potions
 m - a potion of brilliance
Comestibles
 d - 11 rations
 g - 6 chunks of flesh


   Skills:
 + Level 0.1 Fighting
 + Level 0.1 Maces & Flails
 + Level 0.1 Armour
 + Level 1.6 Dodging
 - Level 2.1 Stealth
 + Level 4.7 Spellcasting
 + Level 4.4 Conjurations
   Level 0.7 Transmutations
 + Level 6.7 Earth Magic
 + Level 0.1 Evocations


You had 6 spell levels left.
You knew the following spells:

 Your Spells              Type           Power        Failure   Level  Hunger
a - Sandblast             Erth           ####..       1%          1    None
b - Stone Arrow           Conj/Erth      ###...       4%          3    ###....
c - Lee's Rapid Deconstr  Erth           ####......   24%         5    ######.

Your spell library contained the following spells:

 Spells                   Type           Power        Failure   Level  Hunger
 Passwall                 Tmut/Erth      ###.....     4%          2    #......
 Petrify                  Tmut/Erth      ###.....     30%         4    ####...


Dungeon Overview and Level Annotations

Branches:
Dungeon (4/15)
 Temple: D:4-7

Altars:
Ashenzari
Cheibriados
Dithmenos
Gozag
Xom

Annotations:
D:4 Ijyb


Innate Abilities, Weirdness & Mutations

You are resistant to torment.
Your stone body is resilient. (AC +4)
You are immune to poison.
You resist negative energy. (rN+)
You are resistant to electric shocks. (rElec)
You can survive without breathing.
You are immune to petrification.
You are immune to rotting.


Message History

Ijyb hits you but does no damage.
Unknown command.
Unknown command.
Ijyb closely misses you.
You bump into the rock wall.
Ijyb zaps a wand.
You resist with some effort.
The orc priest invokes the aid of Beogh against you.
Beogh smites you!
* * * LOW HITPOINT WARNING * * *
Ijyb zaps a wand.
Your will is overpowered!
You are more confused.
Unknown command.
Unknown command.
Unknown command.
A red film seems to cover your vision as you go berserk!
You feel yourself moving faster!
You feel mighty! Ijyb hits you but does no damage.
You closely miss Ijyb.
Ijyb is severely wounded.
Ijyb hits you with a +0 club.
You die...

.._.o ...... ..?.. ......
... #####. ... ##
...####.####.#
#......Os....# #. #o#
#..##g##### #...@.[..#
#.#######.# #.#
##.############
#.............#
#.#########.##.##.##.##.#
#..............##.##.##.#
###########.#####.##.##.#
#.# #.......#


You could see an ogre, Ijyb, a scorpion and an orc priest.

Vanquished Creatures
  Edmund (D:4)
  A scorpion (D:4)
  4 orc priests
  A hound (D:4)
  2 orc wizards
  Natasha (D:4)
  A worker ant (D:4)
  A worker ant zombie (D:3)
  4 gnolls (D:2)
  8 adders
  An ooze (D:1)
  5 worms
  A dart slug (D:1)
  3 leopard geckos
  18 orcs
  7 giant cockroaches
  10 goblins
  9 hobgoblins
  3 jackals (D:2)
  3 kobolds
  3 quokkas
  A ball python (D:1)
  11 bats
  2 frilled lizards (D:3)
  A quokka skeleton (D:4)
  12 rats
114 creatures vanquished.

Notes
Turn   | Place    | Note
-------+----------+-------------------------------------------
     0 | D:1      | Epan the Gargoyle Earth Elementalist began the quest for
                  | the Orb.
     0 | D:1      | Reached XP level 1. HP: 10/10 MP: 3/3
    49 | D:1      | Reached XP level 2. HP: 9/15 MP: 1/5
   166 | D:1      | Reached skill level 4 in Earth Magic
   426 | D:1      | Reached XP level 3. HP: 13/19 MP: 6/6
   457 | D:1      | Learned a level 3 spell: Stone Arrow
  1167 | D:2      | Reached skill level 1 in Conjurations
  1179 | D:2      | Found a faded altar of an unknown god.
  1253 | D:2      | Reached XP level 4. HP: 24/24 MP: 5/8
  1703 | D:2      | Found a shimmering altar of Xom.
  1721 | D:2      | Reached skill level 5 in Earth Magic
  1755 | D:2      | Found a shadowy altar of Dithmenos.
  1844 | D:2      | Reached XP level 5. HP: 26/28 MP: 5/9
  1851 | D:2      | Learned a level 5 spell: Lee's Rapid Deconstruction
  2789 | D:3      | Reached XP level 6. HP: 31/32 MP: 11/11
  3273 | D:4      | Noticed Natasha
  3275 | D:4      | Killed Natasha
  3307 | D:4      | Found a snail-covered altar of Cheibriados.
  3321 | D:4      | Reached skill level 6 in Earth Magic
  3479 | D:4      | Reached XP level 7. HP: 34/36 MP: 7/13
  3566 | D:4      | Found a shattered altar of Ashenzari.
  3607 | D:4      | Noticed Edmund
  3722 | D:4      | Killed Edmund
  3745 | D:4      | Found an opulent altar of Gozag.
  3747 | D:4      | Noticed Ijyb
  3766 | D:4      | Slain by Ijyb

Levels and vault maps discovered:
D:1:      minmay_arrival_glassed_features, layout_rooms, minmay_pentomino_o4
D:2:      layout_basic, old_standard_altar, lemuel_doored_altar,
          chequers_ecumenical_altar_simple
D:3:      layout_loops_ring, first_ration, minmay_quantized
D:4:      layout_loops_ring, kennysheep_mini_moat, lemuel_round_altar,
          old_standard_altar, serial_shops, shop, uniq_natasha, uniq_ijyb,
          uniq_edmund

Skill      XL: |  1  2  3  4  5  6  7 |
---------------+----------------------+-----
Earth Magic    | 4 5 6 |  6.7
Conjurations   | 1 2 3 4 |  4.4
Spellcasting   | 3 4 |  4.7
Fighting       | |  0.1
Maces & Flails | |  0.1
Armour         | |  0.1
Dodging        | |  1.6
Stealth        | |  2.1
Transmutations | |  0.7
Evocations     | |  0.1

Action                   |  1- 3 |  4- 6 |  7- 9 || total
-------------------------+-------+-------+-------++-------
Melee: Unarmed           |    11 |       |       ||    11
       Short sword       |   139 |   318 |    11 ||   468
       Flail             |       |       |     3 ||     3
 Cast: Sandblast         |    10 |    53 |    18 ||    81
       Lee's Rapid Decon |       |       |     3 ||     3
       Stone Arrow       |       |       |     1 ||     1
  Use: Scroll            |       |    13 |     1 ||    14
       Potion            |       |       |     6 ||     6
 Stab: Sleeping          |       |     5 |       ||     5
  Eat: Chunk             |     1 |     8 |     1 ||    10
Armor: Robe              |    88 |   135 |     6 ||   229
Dodge: Dodged            |   124 |   283 |    11 ||   418

Table legend:
 A = Non-vault XP
 B = Vault XP
 C = Vault XP percentage of total XP
 D = Non-vault monster count
 E = Vault monster count
 F = Vault count percentage of total count
                 A         B        C        D         E       F
            +---------+---------+-------+---------+---------+-------
      Total |     723 |     227 |  23.9 |     101 |      13 |  11.4
            +---------+---------+-------+---------+---------+-------
        D:1 |      36 |       7 |  16.3 |      17 |       4 |  19.0
        D:2 |     122 |       0 |   0.0 |      27 |       0 |   0.0
        D:3 |     205 |      23 |  10.1 |      35 |       7 |  16.7
        D:4 |     360 |     197 |  35.4 |      22 |       2 |   8.3
            +---------+---------+-------+---------+---------+-------
